[Event "Early-Titled-Tuesday-Blitz-October-03-2023"]
[Site "Chess.com"]
[Date "2023.10.03"]
[Round "3"]
[White "IsaqueGoncalvesSanto"]
[Black "Nekoo04"]
[Result "0-1"]
[WhiteElo "1877"]
[BlackElo "2295"]
[TimeControl "180+1"]
[EndTime "8:29:30 PDT"]
[Termination "Nekoo04 won on time"]

1. d4 d5 2. c4 e6 3. Nc3 Nf6 4. Bg5 Be7 5. Nf3 c6 6. e3 Nbd7 7. cxd5 exd5 8. Bd3 Ne4 9. Bxe7 Qxe7 10. Qc2 f5 11.
O-O O-O 12. Rab1 a5 13. a3 g5 14. b4 axb4 15. axb4 g4 16. Nd2 Rf6 17. f3 Nxc3 18. Qxc3 Qxe3+ 19. Kh1 Rh6 20. fxg4 Qg3 21. h3 Nf6 22.
Rf3 Qxg4 23. Bxf5 Bxf5 24. Rg3 Bxb1 25. Rxg4+ Nxg4 26. Nxb1 Rf8 27. Kg1 Nf2 28. Qg3+ Rg6 29. Qe3 Ne4 30. Nd2 Re8 31. Nxe4 Rxe4 32. Qf3 Rxd4 33.
Qf5 Rd2 34. g4 Rd4 35. Qc8+ Kg7 36. Qxb7+ Kh6 37. Qb6 Rc4 38. Qe3+ Kg7 39. Kg2 h5 40. Qe7+ Kh6 41. Qe3+ Kh7 42. Qd3 hxg4 43. hxg4 Rxg4+ 44. Kf3 Rg3+ 45. Ke2 Rxd3 46. Kxd3 Rg4 47. Kc3 d4+ 0-1

[Event "Early-Titled-Tuesday-Blitz-October-03-2023"]
[Site "Chess.com"]
[Date "2023.10.03"]
[Round "3"]
[White "Byniolus"]
[Black "themind1hunter"]
[Result "1-0"]
[WhiteElo "2753"]
[BlackElo "2543"]
[TimeControl "180+1"]
[EndTime "8:29:31 PDT"]
[Termination "Byniolus won on time"]

1. d4 d5 2. Bf4 Nf6 3. e3 c5 4. c3 Nc6 5. Nd2 Bg4 6. Qb3 Qc8 7. h3 Bh5 8. Ngf3 e6 9. Be2 c4 10. Qd1 Be7 11. O-O O-O 12. Ne5 Bxe2 13. Qxe2 Nd7 14. Nxd7 Qxd7 15. e4 b5 16. a3 Rfe8 17. Rfe1 Bf8 18.
Qf3 a5 19. exd5 exd5 20. Nf1 Rxe1 21. Rxe1 b4 22. axb4 axb4 23. Ne3 Rd8 24. Ra1 b3 25. g4 Ne7 26. h4 Ng6 27. Bg3 Be7 28. h5 Nf8 29. Ra5 Qb7 30. Nxd5 Qd7 31. Ne3 Rc8 32.
Qf5 Qxf5 33. Nxf5 Bd8 34. Rc5 Rxc5 35. dxc5 Ne6 36. c6 g6 37. hxg6 hxg6 38. Ne3 Bc7 39. Bxc7 Nxc7 40. Nxc4 Kf8 41. Nd2 Ke7 42. Nxb3 Kd6 43.
Nd4 Kc5 44. Kf1 Kd5 45. Ke2 Ke4 46. f3+ Kf4 47. b4 Nd5 48. Kd3 Ke5 49. b5 Kd6 50. c4 Nc7 51. Kc3 1-0

[Event "Early-Titled-Tuesday-Blitz-October-03-2023"]
[Site "Chess.com"]
[Date "2023.10.03"]
[Round "3"]
[White "lefonghua"]
[Black "MdChess1734"]
[Result "1-0"]
[WhiteElo "2587"]
[BlackElo "2382"]
[TimeControl "180+1"]
[EndTime "8:29:31 PDT"]
[Termination "lefonghua won on time"]

1. d4 Nf6 2. c4 e6 3. Nc3 Bb4 4. f3 c5 5. a3 Bxc3+ 6. bxc3 b6 7.
e4 Nc6 8. Be3 Qe7 9. Bd3 Na5 10.
Nh3 Ba6 11. Qe2 Rc8 12. d5 d6 13. O-O O-O 14. Rad1 Nd7 15. Bg5 f6 16. Bf4 Rfe8 17. Nf2 Nf8 18. Qa2 Qd7 19. a4 Ng6 20. Bg3 h5 21. h3 h4 22. Bh2 Rcd8 23. Rfe1 Qf7 24. Ng4 exd5 25. cxd5 Bxd3 26. Rxd3 f5 27. Nf2 f4 28.
Ng4 Ne5 29. Nxe5 Rxe5 30. c4 g5 31. Rc3 Rde8 32. Rb1 Qg6 33. Qd2 Qg7 34. Kf1 R5e7 35. Bg1 Qe5 36. Bf2 Rf7 37. Be1 Rfe7 38. Qd3 Qf6 39.
Rc2 Nb7 40. Bc3 Qg6 41. Rcb2 Kh7 42. Rb5 Kh6 43. a5 Nxa5 44. Bxa5 bxa5 45. Rxa5 Qf6 46. Rba1 Qf7 47. Qc3 Rb8 48. Ra6 Rb6 49. Rxb6 axb6 50. Ra8 Rb7 51. Qh8+ Qh7 52. Qf6+ Qg6 53. Qf8+ Kh5 54.
Qc8 Rh7 55. Qg4+ Kh6 56. Re8 Rf7 57. Rh8+ 1-0

[Event "Early-Titled-Tuesday-Blitz-October-03-2023"]
[Site "Chess.com"]
[Date "2023.10.03"]
[Round "3"]
[White "GMJustin"]
[Black "AniJak"]
[Result "1-0"]
[WhiteElo "2206"]
[BlackElo "2369"]
[TimeControl "180+1"]
[EndTime "8:29:33 PDT"]
[Termination "GMJustin won by checkmate"]

1. d4 f5 2. g3 Nf6 3. Bg2 g6 4. Nf3 Bg7 5. O-O O-O 6. c4 d6 7.
Nc3 Nc6 8. d5 Ne5 9. Nd2 e6 10.
Rb1 exd5 11. cxd5 Kh8 12. Qc2 Ng8 13. e4 f4 14. f3 fxg3 15. hxg3 Bd7 16. Rf2 Ng4 17.
fxg4 Bd4 18. Nf3 Bxf2+ 19. Qxf2 Bxg4 20. Qd4+ Qf6 21. Bg5 Qxd4+ 22. Nxd4 h6 23. Be3 Rae8 24. Ncb5 Re7 25. Rc1 Rff7 26. Ne6 c6 27. Nbd4 c5 28.
Nb5 Bxe6 29. dxe6 Rxe6 30. Rd1 a6 31. Nxd6 Rd7 32. Bxc5 b6 33. Bh3 Rdxd6 34. Rxd6 Rxe4 35. Bd4+ Kh7 36. Rd7+ Re7 37. Rxe7+ Nxe7 38. Bxb6 Nd5 39. Bd8 g5 40. Bf5+ Kg7 41. Be6 Nb4 42. Bb6 Kf6 43.
Bc4 Ke5 44. a3 Nc2 45. Bxa6 Ke4 46. a4 Kf3 47. a5 Nb4 48. Bb7+ Kxg3 49. a6 h5 50. a7 h4 51. a8=Q h3 52. Qb8+ Kg4 53.
Qc8+ Kh4 54. Qc4+ g4 55. Qxb4 Kg3 56. Qe4 h2+ 57. Kh1 Kh4 58. Bc8 Kh5 59. Qxg4+ Kh6 60. Qg3 Kh7 61. Kxh2 Kh6 62. Bd4 Kh5 63. Bf5 Kh6 64. Qh4# 1-0

[Event "Early-Titled-Tuesday-Blitz-October-03-2023"]
[Site "Chess.com"]
[Date "2023.10.03"]
[Round "3"]
[White "CristianS27"]
[Black "valemava"]
[Result "1-0"]
[WhiteElo "2505"]
[BlackElo "2276"]
[TimeControl "180+1"]
[EndTime "8:29:34 PDT"]
[Termination "CristianS27 won by checkmate"]

1. e4 c5 2. Nf3 Qa5 3. Be2 Nc6 4.
O-O g6 5. c3 Bg7 6. d4 d6 7.
Be3 Nf6 8. Nbd2 O-O 9. h3 cxd4 10.
cxd4 d5 11. e5 Ne8 12. Nb3 Qd8 13. Rc1 Nc7 14. Qd2 Ne6 15. Rfd1 Bd7 16. Bh6 f6 17. Bxg7 Kxg7 18. exf6+ exf6 19. Nc5 Nxc5 20. dxc5 Be6 21. Nd4 Bf7 22. Nb5 Qd7 23. Nd6 Rad8 24. Bf3 d4 25. a3 Bb3 26. Re1 d3 27. Bxc6 bxc6 28. Qxd3 Bd5 29. Re3 Kh8 30. Rce1 Qc7 31. Re7 Rd7 32.
Re8 Rxe8 33. Rxe8+ Kg7 34. b4 Re7 35. Qd4 Qd7 36.
Rxe7+ Qxe7 37. Qe3 Qxe3 38. fxe3 f5 39. Kf2 Kf6 40.
g3 a6 41. h4 Ke5 42. Ke2 h6 43. Kd3 g5 44. hxg5 hxg5 45. Ne8 Ke6 46. Nc7+ Kd7 47. Nxd5 cxd5 48. a4 Kc6 49. Kd4 g4 50. Kd3 a5 51. bxa5 Kxc5 52. a6 Kb6 53. Kd4 Kxa6 54.
Kxd5 Ka5 55. Ke5 Kxa4 56. Kxf5 Kb5 57. Kxg4 Kc6 58. Kf5 Kd7 59. Kf6 Ke8 60. g4 Kf8 61.
g5 Kg8 62. g6 Kh8 63. g7+ Kg8 64. e4 Kh7 65. Kf7 Kh6 66. g8=Q Kh5 67. Qg3 Kh6 68.
Qh4# 1-0

[Event "Early-Titled-Tuesday-Blitz-October-03-2023"]
[Site "Chess.com"]
[Date "2023.10.03"]
[Round "3"]
[White "GradualismUnleashed"]
[Black "tolimachess"]
[Result "1-0"]
[WhiteElo "2620"]
[BlackElo "2428"]
[TimeControl "180+1"]
[EndTime "8:29:35 PDT"]
[Termination "GradualismUnleashed won by checkmate"]

1. e4 c5 2. Nf3 Nc6 3. Nc3 e5 4. Bc4 d6 5. d3 Be7 6. O-O Nf6 7. Ng5 O-O 8. f4 h6 9. Nf3 Bg4 10. h3 Be6 11. f5 Bxc4 12. dxc4 Nd4 13. Qd3 Nh5 14.
Nd5 Nf6 15. c3 Nxd5 16. cxd5 Nxf3+ 17. Qxf3 Bg5 18. f6 Qxf6 19. Qxf6 Bxf6 20. Bxh6 b5 21. Be3 a5 22. a4 Rfb8 23. axb5 Rxb5 24. Bc1 a4 25.
Kf2 Rb3 26. Ke2 a3 27. Rxa3 Raxa3 28. bxa3 Rxc3 29. Kd2 Rg3 30. a4 Bg5+ 31. Kc2 Rxg2+ 32. Kb3 Rg3+ 33. Kc4 Bd8 34. Bd2 Rxh3 35. Ra1 Rh4 36. Kd3 Rh3+ 37. Kc4 Rh4 38. a5 Rxe4+ 39. Kb5 Bc7 40.
a6 Bb8 41. Ba5 Re2 42. Kc6 Rb2 43. Bc7 Ba7 44. Bxd6 c4 45. Bc5 Bb8 46. a7 Bxa7 47.
Bxa7 c3 48. Rc1 c2 49. d6 Ra2 50. Bc5 Kf8 51. d7+ Kg8 52. d8=Q+ Kh7 53. Rh1+ Kg6 54. Rg1+ Kf5 55. Qd3+ e4 56. Qh3+ Ke5 57. Rg5+ f5 58. Qxf5# 1-0

[Event "Early-Titled-Tuesday-Blitz-October-03-2023"]
[Site "Chess.com"]
[Date "2023.10.03"]
[Round "3"]
[White "koncheto"]
[Black "Iball95"]
[Result "0-1"]
[WhiteElo "2531"]
[BlackElo "2770"]
[TimeControl "180+1"]
[EndTime "8:29:36 PDT"]
[Termination "Iball95 won on time"]

1. e4 c5 2. Nf3 e6 3. d4 cxd4 4.
Nxd4 Nf6 5. Nc3 Nc6 6. a3 d5 7. Bb5 Bd7 8. exd5 exd5 9. O-O Be7 10. h3 O-O 11. Be3 a6 12. Be2 Rc8 13. Nxc6 Bxc6 14. Re1 Re8 15. Bf3 Ne4 16. Nxe4 dxe4 17. Bg4 Rb8 18. Bf4 Ra8 19. Qxd8 Raxd8 20. Rad1 g6 21. Bc7 Rxd1 22. Rxd1 f5 23. Be2 Bf6 24. Bc4+ Kg7 25. b3 g5 26. g3 e3 27. Bb6 e2 28.
Re1 Bf3 29. Ba5 b6 30. Bd2 a5 31. Bd3 f4 32. gxf4 gxf4 33. Kh2 Kf7 34. Rg1 Bd4 35. Bc4+ Kf6 36. Be1 Rd8 37. Rg8 Rxg8 38. Bxg8 h5 39. Bc4 Be5 40. Kg1 h4 41. c3 Bh5 42. b4 f3 43. Bd3 a4 44. c4 Bb2 45. c5 bxc5 46. bxc5 Ke5 47. Bb5 Bxa3 48. c6 Kd6 49. Bxa4 Be8 50. c7 Bd7 51. Bxd7 Kxd7 52. Ba5 Bd6 0-1

[Event "Early-Titled-Tuesday-Blitz-October-03-2023"]
[Site "Chess.com"]
[Date "2023.10.03"]
[Round "3"]
[White "LubovMarkelova"]
[Black "Aslanov_Umid"]
[Result "0-1"]
[WhiteElo "2242"]
[BlackElo "2525"]
[TimeControl "180+1"]
[EndTime "8:29:36 PDT"]
[Termination "Aslanov_Umid won on time"]

1. e4 c5 2. Nc3 d6 3. d4 cxd4 4. Qxd4 Nc6 5. Qd2 g6 6. b3 Bh6 7.
f4 Nf6 8. Bb2 O-O 9. O-O-O e5 10. Nge2 Bg4 11. Kb1 Bxe2 12. Qxe2 Bxf4 13. g3 Bh6 14. Nb5 Ne8 15. Qd3 Qa5 16. a3 Rd8 17. h4 a6 18. Nc3 Nf6 19. Bh3 b5 20. Nd5 Nxd5 21. Qxd5 Qc7 22. h5 Ne7 23. Qd3 Bg7 24. hxg6 hxg6 25. Rh2 d5 26. Rdh1 dxe4 27. Qxe4 Qc6 28.
Bg2 Qxe4 29. Bxe4 f5 30. Bd3 Rd5 31. a4 Nc6 32. axb5 axb5 33. Kc1 Rfd8 34. Be2 e4 35. Bxg7 Kxg7 36. Rh7+ Kf6 37. Rc7 Nd4 38. Bd1 Ne6 39. Rb7 Ra8 40. Kb2 Rc8 41. Be2 Rd2 42. Bxb5 Rcxc2+ 43. Ka3 Ra2+ 44. Kb4 Rd4+ 45. Kc3 Rg2 46. Rhh7 Rxg3+ 47. Kb2 Rd2+ 48. Ka3 Nc5 49. Rhf7+ Kg5 50.
Bc4 Rd4 51. Rbc7 Rxc4 0-1

[Event "Early-Titled-Tuesday-Blitz-October-03-2023"]
[Site "Chess.com"]
[Date "2023.10.03"]
[Round "3"]
[White "TedBelanoff"]
[Black "Dmitry_Konenkin"]
[Result "0-1"]
[WhiteElo "2166"]
[BlackElo "2383"]
[TimeControl "180+1"]
[EndTime "8:29:36 PDT"]
[Termination "Dmitry_Konenkin won by resignation"]

1. c4 e5 2. d4 exd4 3. Qxd4 Nc6 4. Qd3 Nf6 5. Nf3 d5 6. cxd5 Qxd5 7. Qxd5 Nxd5 8. Bd2 Be6 9. e4 Ndb4 10. Na3 Nxa2 11.
Nb5 O-O-O 12. Ng5 Bb3 13. Bc3 Nxc3 14. bxc3 a6 15. Na3 h6 16. Nf3 Bc5 17. Bc4 Bxa3 18. Bxb3 Bb2 19. Ra2 Bxc3+ 20. Ke2 Rhe8 21. Rc1 Rxe4+ 22.
Kf1 Bf6 23. Bxf7 Kb8 24. g3 Ka7 25. Rb1 Ne5 26. Nxe5 Rxe5 27. Bh5 c5 28. Bf3 b6 29. Be2 a5 30. Bb5 Rd4 31. f4 Re3 32. Re2 Rxe2 33. Bxe2 c4 34. Kf2 Ka6 35. Ke3 b5 36. g4 g6 37. h4 Rd8 38. g5 Re8+ 39. Kf3 hxg5 40. hxg5 Bd4 41. Bf1 Re3+ 42. Kg4 c3 43. Rd1 c2 44.
Rxd4 Rc3 45. Rd6+ Kb7 46. Rxg6 c1=Q 47. Bg2+ Kc7 48. Rg7+ Kd6 49. Be4 Qg1+ 50. Kh5 Rh3+ 51. Kg6 Qe3 52. Bf5 Qxf4 53. Bxh3 Qe4+ 54. Bf5 Qe8+ 55.
Rf7 b4 56. Kf6 Qe5+ 57. Kg6 b3 58. Rd7+ Kc6 59. Rf7 a4 60. Rf6+ Kc7 61. Kf7 a3 62. g6 a2 63. g7 a1=Q 64. g8=Q Qxf6+ 65. Ke8 Qa8+ 0-1

[Event "Early-Titled-Tuesday-Blitz-October-03-2023"]
[Site "Chess.com"]
[Date "2023.10.03"]
[Round "3"]
[White "OriTaichman"]
[Black "MikaelyanArman"]
[Result "0-1"]
[WhiteElo "2631"]
[BlackElo "2854"]
[TimeControl "180+1"]
[EndTime "8:29:37 PDT"]
[Termination "MikaelyanArman won by resignation"]

1. e4 e5 2. d4 exd4 3. Qxd4 Nc6 4. Qe3 Nf6 5. Nc3 Bb4 6. Bd2 O-O 7. O-O-O Re8 8.
Qg3 Nxe4 9. Nxe4 Rxe4 10. c3 Bd6 11. f4 Bf8 12. Bd3 Ra4 13. Nf3 Qf6 14. Rhe1 Ne7 15. Ng5 g6 16. c4 Nf5 17. Qh3 h6 18. Bc3 Qc6 19. Bxf5 gxf5 20. Re8 Rxc4 21. Rde1 Rxc3+ 22. bxc3 d5 23. Qg3 Qg6 24. Nxf7 Qxg3 25. Nxh6+ Kg7 26.
hxg3 Ba3+ 27. Kc2 Kxh6 28. Rh1+ Kg7 29. Rhh8 a5 30. Rhg8+ Kf7 31. Rxc8 Ra6 32. Rgd8 Bd6 33. Rd7+ Ke6 34. Rh7 d4 35. Re8+ Kd5 36. cxd4 Kxd4 37.
Rf7 a4 38. Rxf5 a3 39. g4 Rb6 40. Re2 Rb2+ 41. Kd1 Rb1+ 42. Kd2 Bb4+ 43. Kc2 Rb2+ 44.
Kd1 Kd3 45. Rd5+ Kc4 46. Rxb2 axb2 47. Kc2 Kxd5 48. Kxb2 Ke4 49. f5 Be7 50. Kb3 Kf4 51. Kc4 Kxg4 52. a4 Kxf5 53. a5 Bd6 54. Kb5 Kg4 55. a6 bxa6+ 56. Kxa6 Kg3 57. Kb5 Kxg2 58. Kc6 Kf3 0-1

[Event "Early-Titled-Tuesday-Blitz-October-03-2023"]
[Site "Chess.com"]
[Date "2023.10.03"]
[Round "3"]
[White "CarlosjPineror"]
[Black "MatthewG-p4p"]
[Result "0-1"]
[WhiteElo "2503"]
[BlackElo "2827"]
[TimeControl "180+1"]
[EndTime "8:29:37 PDT"]
[Termination "MatthewG-p4p won by resignation"]

1. e4 e6 2. d4 d5 3. e5 c5 4. c3 Qb6 5. Nf3 Nc6 6. a3 Nh6 7.
b4 cxd4 8. cxd4 Nf5 9. Bb2 Bd7 10. g4 Nfe7 11. Nc3 Na5 12. Nd2 Rc8 13. Na4 Qc6 14.
Nc5 Nc4 15. Bc1 a5 16. Bd3 b6 17. Nxd7 Qxd7 18. O-O axb4 19. axb4 Nc6 20. Nxc4 dxc4 21. Bxc4 Bxb4 22. Be3 O-O 23. Qd3 Rfd8 24. Rfd1 Qe7 25. Qe4 Bc3 26. Rac1 Qb4 27. Bd3 g6 28. Rb1 Qa5 29.
Bb5 Nb4 30. Bf1 Nd5 31. Bh6 Qa2 32. h4 Bb4 33. Qf3 Be7 34. h5 Nc3 35. Rbc1 Nxd1 36. Rxd1 Qd5 37. Qf4 Qb3 38. Be2 Qc2 39. Bf3 b5 40.
Kg2 b4 41. Rd2 Qc1 42. Be4 b3 43. Qf3 Qc4 44. Rd3 b2 45. Rb3 Rxd4 46. Bb1 Rxg4+ 47. Kh3 Rh4+ 48. Kg2 Qg4+ 49. Qxg4 Rxg4+ 50. Kf3 Rb4 51. Rxb4 Bxb4 52. hxg6 hxg6 0-1

[Event "Early-Titled-Tuesday-Blitz-October-03-2023"]
[Site "Chess.com"]
[Date "2023.10.03"]
[Round "3"]
[White "CSB7"]
[Black "Marcin"]
[Result "0-1"]
[WhiteElo "2731"]
[BlackElo "2508"]
[TimeControl "180+1"]
[EndTime "8:29:37 PDT"]
[Termination "Marcin won by checkmate"]

1. d4 Nf6 2. c4 g6 3. f3 Bg7 4. e4 d6 5. Ne2 O-O 6. Nec3 e5 7. d5 a5 8. Be3 Na6 9. Na3 Nh5 10. Qd2 Nf4 11.
g3 Nh5 12. O-O-O Bd7 13. Nab5 Kh8 14. Be2 f5 15. exf5 gxf5 16. f4 exf4 17. gxf4 Nf6 18.
Rhg1 Rf7 19. Bd4 Bxb5 20. Nxb5 Nc5 21. Bd3 Qd7 22. Bc2 Rg8 23. Qxa5 b6 24. Qe1 Nfe4 25. Qe3 Qe7 26. Kb1 Qh4 27. Nc3 Re7 28. Nxe4 Nxe4 29.
Rxg7 Rgxg7 30. Bxg7+ Kxg7 31. Rg1+ Kf7 32. Qd4 Qxf4 33.
Qg7+ Ke8 34. Qh8+ Kd7 35. Qa8 Nd2+ 36. Ka1 Qxc4 37. Qc6+ Qxc6 38. dxc6+ Kxc6 39. Bxf5 Nf3 40. Rc1+ Kd5 41. h3 c5 42. b3 h6 43. Bg4 Nd4 44.
Rf1 Re5 45. Kb2 b5 46. Bd1 b4 47. a3 Rg5 48. axb4 cxb4 49. Rf2 Rg3 50. Rf4 Rxh3 51. Rf6 Rh2+ 52. Kc1 Kc5 53. Rf1 d5 54. Rf8 Nb5 55.
Rc8+ Kd4 56. Rb8 Nc3 57. Rxb4+ Kd3 58. Bg4 Rh1+ 59. Kb2 Rb1+ 60. Ka3 Ra1+ 61. Kb2 Ra2+ 62. Kc1 Rc2# 0-1

[Event "Early-Titled-Tuesday-Blitz-October-03-2023"]
[Site "Chess.com"]
[Date "2023.10.03"]
[Round "3"]
[White "Indianlad"]
[Black "Zablotsky"]
[Result "1/2-1/2"]
[WhiteElo "3028"]
[BlackElo "2733"]
[TimeControl "180+1"]
[EndTime "8:29:38 PDT"]
[Termination "Game drawn by stalemate"]

1. c4 e5 2. g3 g6 3. Bg2 Bg7 4. d3 d6 5. Nf3 f5 6. O-O Nf6 7. Nc3 O-O 8. Bg5 h6 9. Bxf6 Qxf6 10. Nd2 c6 11. b4 a6 12. a4 e4 13. Rc1 exd3 14.
exd3 Nd7 15. b5 axb5 16. axb5 Ne5 17. bxc6 bxc6 18. Nf3 Bd7 19. Nxe5 dxe5 20. Na4 Qd6 21. c5 Qc7 22. Nb6 Ra3 23. Ra1 Rc3 24. Ra5 Be6 25.
Qa4 Rxd3 26. Ra7 Qd8 27. Qxc6 Bf7 28. h4 e4 29. h5 gxh5 30. Bh3 Qd4 31. Kg2 f4 32.
Be6 Bxe6 33. Qxe6+ Kh8 34. Rd7 Qxc5 35. Qxe4 f3+ 36.
Kg1 Rb3 37. Nc4 Rb4 38. Qg6 Qg5 39. Rxg7 Qxg6 40. Rxg6 Rxc4 41. Rxh6+ Kg7 42. Rxh5 Kg6 43. Rh3 Kg5 44. Re1 Rfc8 45. Re5+ Kf6 46. Re3 Rc3 47.
g4 Rxe3 48. fxe3 Kg5 49. Rxf3 Kxg4 50. Rf4+ Kg5 51. Kf2 Re8 52. Kf3 Re7 53. Rf8 Kg6 54. e4 Rf7+ 55. Rxf7 Kxf7 56. Ke3 Ke6 57. Kf4 Kf6 58.
e5+ Ke6 59. Ke4 Ke7 60. Kd5 Kd7 61. e6+ Ke7 62. Ke5 Ke8 63. Kd6 Kd8 64. e7+ Ke8 65. Ke6 1/2-1/2

[Event "Early-Titled-Tuesday-Blitz-October-03-2023"]
[Site "Chess.com"]
[Date "2023.10.03"]
[Round "3"]
[White "arenal72"]
[Black "subham777"]
[Result "1-0"]
[WhiteElo "2368"]
[BlackElo "2539"]
[TimeControl "180+1"]
[EndTime "8:29:38 PDT"]
[Termination "arenal72 won by resignation"]

1. e4 e6 2. d4 d5 3. Nd2 c5 4.
exd5 Qxd5 5. Ngf3 cxd4 6. Bc4 Qd7 7. O-O Nc6 8. Nb3 Nf6 9. Qe2 a6 10.
a4 Bd6 11. Rd1 O-O 12. Nbxd4 Nxd4 13. Rxd4 Qc7 14. b3 e5 15. Rxd6 Qxd6 16. Ba3 Qc7 17.
Bxf8 Kxf8 18. Qxe5 Qxe5 19. Nxe5 Bf5 20. c3 Bg6 21. f3 Rc8 22. Kf2 b5 23. axb5 axb5 24. Bxb5 Rxc3 25. Bc4 Rc2+ 26. Kf1 Nh5 27. Ra8+ Ke7 28.
Ra7+ Kf6 29. Nxf7 Nf4 30. Ra6+ Ke7 31. Ne5 Be8 32. g3 Ng2 33. Re6+ Kd8 34. Nd3 Bd7 35. Re2 Bh3 36. Rxc2 Ne3+ 37. Ke2 Nxc2 38. Nf4 Bd7 39. Kd3 Ne1+ 40. Ke3 Nc2+ 41. Ke4 g6 42. Bg8 Bf5+ 43. Ke5 Ne1 44. Bd5 Ke7 45. b4 Bd7 46. Bc4 Nxf3+ 47. Ke4 Nxh2 48. b5 Kd6 49. b6 Ng4 50. Nd5 Bc6 51.
Kd4 Bxd5 52. Bxd5 Nf6 53. b7 Kc7 54. Bf3 h5 55. Ke5 Nd7+ 56. Ke6 Nf8+ 57. Kf7 g5 58. Kxf8 h4 59. g4 h3 60. Kg7 Kd6 61. b8=Q+ 1-0

[Event "Early-Titled-Tuesday-Blitz-October-03-2023"]
[Site "Chess.com"]
[Date "2023.10.03"]
[Round "3"]
[White "Elsa167"]
[Black "ezkybel"]
[Result "1-0"]
[WhiteElo "2912"]
[BlackElo "2501"]
[TimeControl "180+1"]
[EndTime "8:29:39 PDT"]
[Termination "Elsa167 won by resignation"]

1. e4 e6 2. d4 d5 3. Nc3 Bb4 4. e5 c5 5. a3 Bxc3+ 6. bxc3 Ne7 7. a4 Qc7 8. Nf3 b6 9. Bb5+ Bd7 10. Bd3 Nbc6 11.
O-O Na5 12. Ng5 Nf5 13. Bxf5 exf5 14. Qh5 g6 15. Qh6 Be6 16. dxc5 bxc5 17. Rb1 Nc4 18. Bf4 O-O-O 19. Qg7 h6 20. Nxe6 fxe6 21. Qxg6 Rde8 22.
Rb5 a6 23. Rb3 Rhg8 24. Qh5 Na5 25. Rbb1 Nc4 26. g3 Qc6 27. Qxh6 Rg4 28. Qh7 Rxf4 29.
Qa7 Qc7 30. Qxa6+ Kd8 31. gxf4 d4 32. Qa8+ Ke7 33. Rb7 Rxa8 34. Rxc7+ Kd8 35. Rxc5 Nd2 36. Rd1 Nf3+ 37. Kg2 Nh4+ 38. Kg3 Ng6 39. Rxd4+ Ke7 40. Rc7+ Kf8 41. Rdc4 Ne7 42. h4 Rd8 43. a5 Rd1 44.
Ra4 Rg1+ 45. Kh2 Rg4 46. Rxe7 Kxe7 47. a6 Rg8 48. a7 Ra8 49. h5 Kf7 50. c4 Kg7 51. c5 Kf7 52. c6 Ke7 53. h6 Kd8 54. h7 Kc7 55. Kg2 Kxc6 56. h8=Q 1-0

[Event "Early-Titled-Tuesday-Blitz-October-03-2023"]
[Site "Chess.com"]
[Date "2023.10.03"]
[Round "3"]
[White "ozates"]
[Black "Dr_crypt"]
[Result "1-0"]
[WhiteElo "2627"]
[BlackElo "2433"]
[TimeControl "180+1"]
[EndTime "8:29:40 PDT"]
[Termination "ozates won on time"]

1. e4 d5 2. exd5 Qxd5 3. Nc3 Qd6 4. d4 c6 5. Nf3 Bg4 6. h3 Bxf3 7. Qxf3 Qxd4 8. Bf4 Qb4 9. a3 Qb6 10. Bc4 Nf6 11.
O-O Nbd7 12. g4 e6 13. Rfe1 Be7 14. Bxe6 fxe6 15. Rxe6 Kd8 16. g5 Ne8 17. Rd1 Rc8 18. Nd5 cxd5 19. Rxb6 Nxb6 20. c4 Rf8 21. Qe3 Rxc4 22.
Bg3 Bc5 23. Qe5 Bd6 24. Qe2 Bxg3 25. fxg3 Nd6 26. Qe6 Rc6 27. b4 a6 28. a4 Ndc4 29. Qe4 Re8 30. Qxh7 Ne3 31. Re1 g6 32. Qxb7 Rce6 33.
Qxa6 Nbc4 34. Qa8+ Ke7 35. Qb7+ Kf8 36. a5 R8e7 37. Qb8+ Kg7 38. Qf4 Re4 39. Qf6+ Kh7 40. a6 R4e6 41. Qf8 Nd2 42. b5 Nf5 43. Rxe6 Rxe6 44.
Qf7+ Ng7 45. Qxe6 Nxe6 46. a7 Nf3+ 47. Kh1 1-0

[Event "Early-Titled-Tuesday-Blitz-October-03-2023"]
[Site "Chess.com"]
[Date "2023.10.03"]
[Round "3"]
[White "tetrix83"]
[Black "vladoboch"]
[Result "1/2-1/2"]
[WhiteElo "2609"]
[BlackElo "2417"]
[TimeControl "180+1"]
[EndTime "8:29:40 PDT"]
[Termination "Game drawn by repetition"]

1. e4 c5 2. Nf3 Nc6 3. Bb5 e6 4. O-O Nge7 5. Re1 a6 6. Bxc6 Nxc6 7. d4 cxd4 8. Nxd4 Be7 9. Nxc6 dxc6 10. Qg4 e5 11.
Qxg7 Bf6 12. Qh6 Rg8 13. Nc3 Bd7 14. Be3 Rg6 15. Qxh7 Qe7 16. Na4 O-O-O 17. Nb6+ Kb8 18. Rad1 Be6 19. Rxd8+ Qxd8 20. Qh5 Bg4 21. Qh7 Be6 22. b3 Bg5 23. Qh5 Bxe3 24. Qxe5+ Ka7 25. Nd5 Bxf2+ 26. Kxf2 cxd5 27. Rd1 Qb6+ 28. Kf1 dxe4 29. Rd6 Rf6+ 30. Qxf6 Qxd6 31. Ke1 e3 32. Qc3 Qb6 33. h3 a5 34. Ke2 Bd7 35. Qxe3 Qxe3+ 36. Kxe3 Kb6 37. Kd4 Kc6 38. c4 Kd6 39. a3 b6 40.
b4 a4 41. h4 Bc6 42. g4 Bf3 43. g5 Bh5 44. Ke4 Bg6+ 45. Kd4 Bf5 46. h5 Bg4 47. h6 Bf5 48. c5+ bxc5+ 49. bxc5+ Kc6 50. Kc4 Bg6 51. Kd4 Bc2 52. Kc3 Bg6 53. Kb4 Bc2 54. Kc4 Bg6 55. Kb4 Bc2 56. Kc3 Be4 57. Kd4 Bg6 58. Kc4 Be4 59.
Kb4 Bc2 1/2-1/2

[Event "Early-Titled-Tuesday-Blitz-October-03-2023"]
[Site "Chess.com"]
[Date "2023.10.03"]
[Round "3"]
[White "ferrufino64"]
[Black "Herzog2012"]
[Result "0-1"]
[WhiteElo "2203"]
[BlackElo "2522"]
[TimeControl "180+1"]
[EndTime "8:29:40 PDT"]
[Termination "Herzog2012 won by resignation"]

1. e4 c5 2. Nf3 Nc6 3. d4 cxd4 4. Nxd4 Nf6 5. Nc3 d6 6. Be2 e5 7. Nb3 Be7 8. Be3 O-O 9. O-O Be6 10. Re1 d5 11. exd5 Nxd5 12. Nxd5 Bxd5 13. c3 f5 14. f3 Bf7 15. Bf2 Qxd1 16. Raxd1 Rad8 17.
Bb5 a6 18. Bxc6 bxc6 19. Rxd8 Rxd8 20. Rxe5 Bf6 21. Re1 Rb8 22. Nd4 Rxb2 23. Nxf5 Bxc3 24. Rc1 Bd2 25. Rd1 Bxa2 26. Bd4 Rb1 27. Rxb1 Bxb1 28. Ne7+ Kf8 29. Nxc6 a5 30. Kf2 Bd3 31. Ne5 Bb5 32.
Bc5+ Ke8 33. Ng4 a4 34. Ne3 Bc1 35. Nc2 Bd3 36. Na3 Bd2 37. Bd4 g6 38. Be3 Bb4 39. Bc1 Bc5+ 40. Ke1 Kd7 41. Kd2 Bf1 42. g3 Bg1 43. h4 Bf2 44. g4 Bxh4 45. Ke3 h5 46.
gxh5 gxh5 47. f4 Be7 48. Ke4 h4 49. f5 h3 50. Nc2 h2 51. f6 h1=Q+ 52. Kf5 Qf3+ 53.
Kg6 Qxf6+ 0-1

[Event "Early-Titled-Tuesday-Blitz-October-03-2023"]
[Site "Chess.com"]
[Date "2023.10.03"]
[Round "3"]
[White "javierfreilemartin"]
[Black "NMJeevanK"]
[Result "1/2-1/2"]
[WhiteElo "2327"]
[BlackElo "2525"]
[TimeControl "180+1"]
[EndTime "8:29:41 PDT"]
[Termination "Game drawn by stalemate"]

1. c4 e5 2. Nc3 Nf6 3. Nf3 Nc6 4.
a3 a5 5. e3 Be7 6. d4 exd4 7. exd4 d5 8. cxd5 Nxd5 9. Bc4 Be6 10. Qb3 Nxc3 11. Bxe6 fxe6 12. bxc3 Qd5 13. c4 Qe4+ 14. Be3 O-O 15. Qb1 Qg4 16. Ke2 Rad8 17. h3 Qxg2 18. Qe4 Nxd4+ 19. Bxd4 Rxd4 20. Qxe6+ Kh8 21. Nxd4 Qxf2+ 22. Kd3 Bf6 23. Qe3 Qxe3+ 24. Kxe3 Re8+ 25.
Kf3 Bxd4 26. Rae1 Rf8+ 27. Ke4 Bc5 28. a4 Bd6 29. Rhf1 Rd8 30. Kf5 b6 31. Ke6 h6 32.
Re4 Re8+ 33. Kd5 c6+ 34. Kxd6 Rxe4 35. Rc1 Rf4 36. Kxc6 Rf6+ 37. Kb5 g5 38. c5 bxc5 39. Kxa5 Rf5 40. Rc4 h5 41. Kb5 Kg7 42. a5 Rf4 43. a6 Rf7 44. Rxc5 Kg6 45. h4 gxh4 46. Rc8 h3 47. Rg8+ Kf5 48. Rg3 Kf4 49. Rxh3 Kg4 50. Rh1 h4 51. Rg1+ Kh3 52. Kb6 Kh2 53. Rg8 h3 54. a7 Rxa7 55. Kxa7 Kh1 56. Kb6 h2 57.
Kc5 1/2-1/2

[Event "Early-Titled-Tuesday-Blitz-October-03-2023"]
[Site "Chess.com"]
[Date "2023.10.03"]
[Round "3"]
[White "Vladimir_Zakhartsov"]
[Black "mortngabriel"]
[Result "1/2-1/2"]
[WhiteElo "2825"]
[BlackElo "2591"]
[TimeControl "180+1"]
[EndTime "8:29:42 PDT"]
[Termination "Game drawn by stalemate"]

1. d4 Nf6 2. c4 e6 3. Nc3 Bb4 4. e3 O-O 5. Bd2 d5 6. Nf3 b6 7. cxd5 exd5 8. Bd3 Bb7 9. O-O Bd6 10. Qb1 Re8 11.
b4 Nbd7 12. Qb3 Ne4 13. Nxd5 Nxd2 14. Nxd2 Qg5 15. Be4 Rxe4 16. Nxe4 Qxd5 17. Qxd5 Bxd5 18. Nxd6 cxd6 19. Rfc1 Nf6 20. f3 b5 21. a4 Bc4 22.
e4 Kf8 23. axb5 Bxb5 24. Rc7 a6 25. Rac1 Ne8 26. Rb7 Rd8 27. d5 h5 28. Kf2 g5 29.
h4 gxh4 30. Kg1 Kg7 31. Kh2 Kf6 32. Kh3 Kg6 33. Kxh4 Ra8 34. Rb6 Rd8 35. e5 Kf5 36. exd6 Nxd6 37. Rc7 Ke5 38. Kxh5 Rh8+ 39. Kg4 Rg8+ 40.
Kh3 Bf1 41. Re7+ Kxd5 42. Rd7 Bxg2+ 43. Kh2 Rg6 44. Rxf7 Bf1 45. Rd7 Bb5 46. f4 Rf6 47.
f5 Ke5 48. Rd8 Nxf5 49. Rxf6 Kxf6 50. Kg1 Ke5 51. Ra8 Nd4 52. Kf2 Nc6 53. Rc8 Nxb4 54.
Ke3 Nc6 55. Rxc6 Bxc6 56. Kd3 Kd5 57. Kc3 Kc5 58. Kb2 Kb4 59. Ka1 Ka3 60. Kb1 Bd5 61.
Ka1 Bc4 62. Kb1 Bb3 63. Ka1 Ba2 1/2-1/2